 Dungeon Crawl Stone Soup version 0.31-a0-858-g469dc525a8 (webtiles) character file.

Game seed: 9080515368030220815

16 BinkBink the Trooper (level 2, -4/27 HPs)
             Began as a Minotaur Berserker on Oct 9, 2023.
             Was a Follower of Trog.
             Slain by a gnoll
             ... wielding a +0 whip
             ... led by a gnoll bouda
              (9 damage)
             ... on level 2 of the Dungeon.
             The game lasted 00:00:46 (760 turns).

BinkBink the Trooper (Minotaur Berserker)            Turns: 760, Time: 00:00:46

Health: -4/27      AC:  2    Str: 21    XL:     2   Next: 37%
Magic:  1/1        EV: 12    Int:  4    God:    Trog [*.....]
Gold:   15         SH:  0    Dex:  9    Spells: 1/1 levels left

rFire   . . .        a - +0 hand axe
rCold   . . .        (no shield)
rNeg    . . .        b - +0 animal skin
rPois   .            (helmet restricted)
rElec   .            (no cloak)
rCorr   .            (no gloves)
SInv    .            (no boots)
Will    .....        (no amulet)
Stlth   +            (no ring)
HPRegen 0.24/turn    (no ring)
MPRegen 0.07/turn

%: no passive effects
@: weakened
A: horns 2, retaliatory headbutt
a: Renounce Religion, Berserk


You were on level 2 of the Dungeon.
You worshipped Trog.
Trog was aware of your devotion.
You visited 1 branch of the dungeon, and saw 2 of its levels.

You collected 15 gold pieces.

Inventory:

Hand Weapons
 a - a +0 hand axe (weapon)
Armour
 b - a +0 animal skin (worn)
Jewellery
 f - an amulet of the acrobat
Scrolls
 d - a scroll of torment {unknown}
 e - a scroll of fear {unknown}
Potions
 c - a potion of curing {unknown}


   Skills:
 + Level 3.9 Fighting
 + Level 3.9 Axes
 + Level 2.8 Armour
 + Level 2.5 Dodging


You had one spell level left.
You didn't know any spells.
Your spell library was empty.

Dungeon Overview and Level Annotations

Branches:
Dungeon (2/15)

Altars:
Fedhas


Innate Abilities, Weirdness & Mutations

You have a pair of horns on your head.
You reflexively headbutt those who attack you in melee.


Message History

A gnoll is nearby!
A gnoll is nearby!
A gnoll is nearby!
A gnoll comes into view. It is wielding a +0 club.
The gnoll shouts!
A gnoll comes into view. It is wielding a +0 whip.
A gnoll bouda comes into view. It is wielding a +0 club.
The gnoll hits you with a +0 halberd!
The gnoll bouda gazes fiercely through you!
You feel your attacks grow feeble.
You hit the gnoll but do no damage. The gnoll hits you but does no damage.
The gnoll bouda gazes fiercely through you!
You feel as though you will be weak longer.
You hit the gnoll. Your headbutt misses the gnoll.
The gnoll is moderately wounded.
The gnoll barely misses you. You furiously retaliate!
You headbutt the gnoll, but do no damage.
You completely miss the gnoll. Your headbutt misses the gnoll.
The gnoll is moderately wounded.
The gnoll hits you with a +0 halberd.
The gnoll bouda barks out a call to the hunt!
The gnolls pick up the pace!
The gnoll closely misses you. The gnoll attacks as it pursues you!
The gnoll misses you.
The gnoll bouda gazes fiercely through you!
You feel as though you will be weak longer.
The gnoll hits you with a +0 whip.
You closely miss the gnoll. The gnoll misses you.
The gnoll bouda gazes fiercely through you!
You feel as though you will be weak longer.
The gnoll attacks as it pursues you! The gnoll hits you with a +0 whip. x2
* * * LOW HITPOINT WARNING * * *
The gnoll attacks as it pursues you! The gnoll closely misses you.
The gnoll is no longer moving quickly.
The gnoll attacks as it pursues you! The gnoll hits you with a +0 whip.
* * * LOW HITPOINT WARNING * * *
The gnoll attacks as it pursues you! The gnoll barely misses you.
There is a stone staircase leading up here.
The gnoll hits you with a +0 whip!
You die...

######
#g...#
###.##.#
#.g..#.#
#g#..#g#
#@#..#g#
######g#
#.#
#######.##
#........#
#........#
#........#
#....._..#
#........+


You could see 3 gnolls.

Vanquished Creatures
  An endoplasm (D:1)
  A giant cockroach (D:1)
  3 goblins (D:1)
  4 hobgoblins (D:1)
  A kobold (D:1)
  A ball python (D:1)
  2 rats (D:1)
13 creatures vanquished.

Notes
Turn   | Place    | Note
-------+----------+-------------------------------------------
     0 | D:1      | BinkBink the Minotaur Berserker began the quest for the
                  | Orb.
     0 | D:1      | Reached XP level 1. HP: 19/19 MP: 0/0
   225 | D:1      | Reached XP level 2. HP: 27/27 MP: 1/1
   736 | D:2      | Found a blossoming altar of Fedhas.
   760 | D:2      | Slain by a gnoll

Illustrated notes

Levels and vault maps discovered:
D:1:      dpeg_arrival_rooms_b, layout_basic
D:2:      layout_basic, serial_shops, shop, basic_altar,
          shapermc_ecumenical_altar_starsandcircs, bh_walls_and_bars

Action                     || total
---------------------------++-------
  Melee: Hand axe          ||    41
         Headbutt          ||     6
 Armour: Animal skin       ||    22
  Dodge: Dodged            ||    26

Table legend: (Time is in decaauts)
 A = Elapsed time spent in this place.
 B = Non-inter-level travel time spent in this place.
 C = Inter-level travel time spent in this place.
 D = Time resting spent in this place.
 E = Time spent auto-exploring this place.
 F = Levels seen in this place.
 G = Mean time per level.
                   A        B        C        D        E       F      G
               +--------+--------+--------+--------+--------+-----+--------+
         Total |    764 |    731 |     33 |      0 |    619 |   2 |  382.0 |
       Dungeon |    764 |    731 |     33 |      0 |    619 |   2 |  382.0 |
               +--------+--------+--------+--------+--------+-----+--------+

Top non-repeatable levels by time:
     D:1: 729 daAuts
     D:2: 35 daAuts
